 Dungeon Crawl Stone Soup version 0.27-a0-887-gcab673c142 (webtiles) character file.

Game seed: 5808476208664280818

85 leviel the Skirmisher (level 4, -1/40 HPs)
             Began as a Hill Orc Fighter on Apr 4, 2021.
             Slain by an adder (2 damage)
             ... on level 3 of the Dungeon.
             The game lasted 00:04:34 (2473 turns).

leviel the Skirmisher (Hill Orc Fighter)            Turns: 2473, Time: 00:04:34

Health: -1/40      AC:  8    Str: 19    XL:     4   Next: 48%
Magic:  4/4        EV:  7    Int:  8    God:
Gold:   94         SH:  9    Dex: 10    Spells: 3/3 levels left

rFire    . . .     SeeInvis +   a - +0 war axe
rCold    . . .     Faith    .   c - +0 kite shield
rNeg     . . .     Spirit   .   b - +0 scale mail
rPois    .         Reflect  .   (no helmet)
rElec    .         Harm     .   (no cloak)
rCorr    .         Rampage  .   k - +0 pair of gloves
Will     .....                  (no boots)
Stlth    ..........             (no amulet)
HPRegen  0.13/turn              m - ring of see invisible
MPRegen  0.09/turn              (no ring)

@: mighty, lethally poisoned (-1 -> -3)
A: no striking features
a: no special abilities


You were on level 3 of the Dungeon.
You visited 1 branch of the dungeon, and saw 3 of its levels.

You collected 94 gold pieces.

Inventory:

Hand Weapons
 a - a +0 war axe (weapon)
Armour
 b - a +0 scale mail (worn)
 c - a +0 kite shield (worn)
 k - a +0 pair of gloves (worn)
Jewellery
 m - a ring of see invisible (left hand)
Scrolls
 e - a scroll of acquirement {unknown}
 h - 2 scrolls of teleportation {unknown}
 n - 2 scrolls of identify {unknown}
 o - a scroll of blinking {unknown}
 p - a scroll of enchant weapon {unknown}
Potions
 f - a potion of attraction {unknown}
 g - a potion of mutation {unknown}
 i - 2 potions of resistance {unknown}
 j - a potion of degeneration {unknown}
 l - a potion of lignification {unknown}
 q - a potion of curing {unknown}


   Skills:
 + Level 4.2 Fighting
 + Level 4.0 Axes
 + Level 4.0 Armour
 + Level 0.5 Dodging
 + Level 3.8 Shields


You had 3 spell levels left.
You didn't know any spells.
Your spell library contained the following spells:

 Spells                   Type           Power      Damage    Failure   Level
 Animate Skeleton         Necr           0%         N/A       99%         1
 Apportation              Tloc           0%         N/A       99%         1
 Corona                   Hex            0%         N/A       99%         1
 Summon Small Mammal      Summ           0%         N/A       99%         1


Dungeon Overview and Level Annotations

Branches:
Dungeon (3/15)

Altars:
Ru

Shops:
D:3 (


Message History

You hit the adder.
The adder is lightly wounded.
You feel sick. You block the adder's attack. The adder bites you.
You are more poisoned.
The adder poisons you!
You are too injured to fight recklessly!
You are too injured to fight recklessly!
You are too injured to fight recklessly!
You are too injured to fight recklessly!
An adder is nearby!
An adder is nearby!
You closely miss the adder.
You feel very sick. The adder bites you. You block the adder's attack.
You feel very mighty all of a sudden.
You feel sick. You block the adder's attack.
You closely miss the adder.
You feel sick. The adder bites you.
* * * LOW HITPOINT WARNING * * *
You are lethally poisoned!
The adder poisons you! The adder bites you but does no damage.
You hit the adder.
The adder is heavily wounded.
* * * LOW HITPOINT WARNING * * *
You feel very sick. The adder closely misses you. The adder bites you.
* * * LOW HITPOINT WARNING * * *
You closely miss the adder.
The adder is heavily wounded.
* * * LOW HITPOINT WARNING * * *
You feel very sick. The adder bites you but does no damage.
You block the adder's attack.
You miss the adder.
The adder is heavily wounded.
* * * LOW HITPOINT WARNING * * *
You feel sick. You block the adder's attack. The adder closely misses you.
Your shield and scale mail prevent you from hitting the adder.
The adder is heavily wounded.
* * * LOW HITPOINT WARNING * * *
You feel sick. The adder bites you.
You die...

###.#.#.###.###♣♣♣♣♣♣♣
#.....................
#.#.##..###.#..♣♣♣♣♣♣♣
#.......###.###..#
.♣♣♣♣♣♣#........>..#####.#
..........###............#
♣♣♣♣♣♣...# ###...########
#.......# #...# ##......#
#.@.# #...#.### #.S.#
#.###.# #...# #.# #..
..... #.# #... ....... #.#
##... ....$.... #.###
♣♣♣♣♣♣♣♣♣♣#### ##..P##♣PP.
#.♣♣♣......


You could see an adder.

Vanquished Creatures
  3 adders (D:2)
  2 dart slugs
  8 bats
  6 endoplasms
  4 goblins
  4 hobgoblins
  3 quokkas
  8 ball pythons
  2 frilled lizards
  7 kobolds
  8 rats
55 creatures vanquished.

Notes
Turn   | Place    | Note
-------+----------+-------------------------------------------
     0 | D:1      | leviel the Hill Orc Fighter began the quest for the Orb.
     0 | D:1      | Reached XP level 1. HP: 19/19 MP: 1/1
   196 | D:1      | Reached XP level 2. HP: 27/27 MP: 2/2
   561 | D:1      | Reached XP level 3. HP: 28/33 MP: 3/3
  1124 | D:2      | Found a faded altar of an unknown god.
  1474 | D:2      | Found a sacrificial altar of Ru.
  1796 | D:2      | Reached XP level 4. HP: 40/40 MP: 4/4
  2367 | D:3      | Found Xeot's Antique Weapon Emporium.
  2472 | D:3      | HP: 2/40 [poisoned by an adder]
  2473 | D:3      | Slain by an adder

Illustrated notes

Levels and vault maps discovered:
D:1:      beargit_arrival_greenhouse, layout_basic, st_stairs_5,
          kennysheep_decorative_pillar, minmay_stone_trees_medium,
          minmay_domino_4
D:2:      layout_loops_ring, basic_altar, ebering_ecumenical_altar_webs,
          grunt_decor_mini_mirrors
D:3:      layout_loops_cross, serial_forest, infiniplex_forest_straight_3,
          infiniplex_forest_straight_5, infiniplex_forest_straight_2,
          infiniplex_forest_lined_ring, infiniplex_forest_lined_corner,
          infiniplex_forest_clump_long, infiniplex_forest_clump_tiny,
          serial_shops, nicolae_shop_temple_entry_statues_fountains

Skill      XL: |  1  2  3  4 |
---------------+-------------+-----
Fighting       | 4 |  4.2
Axes           | 3 4 |  4.0
Armour         | 4 |  4.0
Dodging        | |  0.5
Shields        | |  3.8

Action                   |  1- 3 |  4- 6 || total
-------------------------+-------+-------++-------
Melee: War axe           |   107 |    54 ||   161
  Use: Potion            |       |     1 ||     1
Armor: Scale mail        |    69 |    23 ||    92
Dodge: Dodged            |    36 |    17 ||    53
Block: Kite shield       |    55 |    40 ||    95

Table legend: (Time is in decaauts)
 A = Elapsed time spent in this place.
 B = Non-inter-level travel time spent in this place.
 C = Inter-level travel time spent in this place.
 D = Time resting spent in this place.
 E = Time spent auto-exploring this place.
 F = Levels seen in this place.
 G = Mean time per level.
                   A        B        C        D        E       F      G
               +--------+--------+--------+--------+--------+-----+--------+
         Total |   2561 |   2488 |     73 |    293 |   1805 |   3 |  853.7 |
       Dungeon |   2561 |   2488 |     73 |    293 |   1805 |   3 |  853.7 |
               +--------+--------+--------+--------+--------+-----+--------+

Top non-repeatable levels by time:
     D:2: 1381 daAuts
     D:1: 840 daAuts
     D:3: 339 daAuts
